 Dungeon Crawl Stone Soup version 0.18-a0-1229-ge9a1a01 (webtiles) character file.

6333 lysy the Arsonist (level 10, -2/50 HPs)
             Began as a Deep Elf Fire Elementalist on Feb 5, 2016.
             Was a Priest of Vehumet.
             Slain by an unseen horror (7 damage)
             ... on level 9 of the Dungeon.
             The game lasted 01:30:02 (11654 turns).

lysy the Arsonist (Deep Elf Fire Elementalist)     Turns: 11654, Time: 01:30:02

Health: -2/50      AC: 15    Str:  8    XL:     10   Next: 64%
Magic:  15/26      EV: 17    Int: 25    God:    Vehumet [***...]
Gold:   262        SH:  0    Dex: 17    Spells: 4 memorised, 16 levels left

rFire  . . .     SeeInvis .     C - +4 quarterstaff (chaos)
rCold  + . .     Gourm    .     t - +1 leather armour {rC+}
rNeg   . . .     Faith    .     (shield currently unavailable)
rPois  .         Spirit   .     n - +2 helmet
rElec  .         Dismiss  .     A - +2 cloak {+Inv}
rCorr  .         Reflect  .     q - +2 pair of gloves {Str+3}
SustAt .         Harm     .     (no boots)
MR     +....                    (no amulet)
Stlth  ++........               p - +2 ring of protection
                                o - +3 ring of intelligence

@: somewhat resistant to hostile enchantments, unstealthy
A: talons 1
a: Renounce Religion, Evoke Invisibility


You were on level 9 of the Dungeon.
You worshipped Vehumet.
Vehumet was most pleased with you.
You were not hungry.

You visited 2 branches of the dungeon, and saw 10 of its levels.

You collected 405 gold pieces.
You spent 143 gold pieces at shops.


Innate Abilities, Weirdness & Mutations

You have sharp toenails.


   Skills:
 - Level 2.0 Staves
 + Level 8.6 Dodging
 - Level 2.4 Stealth
 + Level 10.0 Spellcasting
 - Level 10.0 Conjurations
 - Level 10.0 Fire Magic


You had 16 spell levels left.
You knew the following spells:

 Your Spells              Type           Power        Failure   Level  Hunger
c - Fireball              Conj/Fire      ######....   1%          5    ####...
x - Sticky Flame          Conj/Fire      ######..     1%          4    None
z - Flame Tongue          Conj/Fire      #####        1%          1    None
Z - Conjure Flame         Conj/Fire      ######..     1%          3    None

Inventory:

Hand Weapons
 C - a +4 quarterstaff of chaos (weapon)
 K - a +0 blowgun
Missiles
 l - 10 curare-tipped needles {=f}
 m - 191 stones (quivered)
 w - a throwing net {=f}
 I - 10 tomahawks
 L - 15 poisoned needles
Armour
 n - a +2 helmet (worn)
 q - a +2 pair of gloves of strength (worn)
 t - a +1 leather armour of cold resistance (worn)
 A - a +2 cloak of invisibility (worn)
Jewellery
 o - a +3 ring of intelligence (left hand)
 p - a +2 ring of protection (right hand)
 v - an uncursed ring of poison resistance
 y - an uncursed ring of protection from cold
 H - an uncursed ring of positive energy
Wands
 d - a wand of disintegration (7/24)
 e - a wand of polymorph (12/24)
 f - a wand of heal wounds (0/9) {!d@v2}
 j - a wand of lightning (10/15)
 B - a wand of digging (24/24)
Scrolls
 h - a scroll of vulnerability {unknown}
 s - a scroll of enchant armour
 E - 2 scrolls of blinking
 F - a scroll of remove curse
 G - a scroll of fear
 N - a scroll of recharging
Potions
 a - a potion of magic {unknown}
 g - a potion of mutation {!q}
 i - a potion of haste {@q3}
 k - a potion of resistance
 r - a potion of cure mutation
 u - 4 potions of lignification {!q}
 D - a potion of might {unknown}
 J - 2 potions of cancellation {unknown}
 M - a potion of flight {unknown}
Books
 b - a book of Flames

   Spells                             Type                      Level
   a - Flame Tongue                   Conjuration/Fire             1
   b - Throw Flame                    Conjuration/Fire             2
   c - Conjure Flame                  Conjuration/Fire             3
   d - Inner Flame                    Hexes/Fire                   3
   e - Sticky Flame                   Conjuration/Fire             4
   f - Fireball                       Conjuration/Fire             5
 z - a book of Transfigurations

   Spells                             Type                      Level
   a - Stoneskin                      Transmutation/Earth          2
   b - Irradiate                      Conjuration/Transmutation    5
   c - Statue Form                    Transmutation/Earth          6
   d - Hydra Form                     Transmutation                6
   e - Dragon Form                    Transmutation                7
Comestibles
 c - 5 bread rations

Dungeon Overview and Level Annotations

Branches:
Dungeon (9/15)             Temple (1/1) D:4
   Lair: D:8-11         Orc: D:9-12

Altars:
Ashenzari
Cheibriados
Dithmenos
Elyvilon
Fedhas
Gozag
Kikubaaqudgha
Makhleb
Nemelex Xobeh
Okawaru
Pakellas
Qazlal
Ru
Sif Muna
Trog
Vehumet
Xom
Yredelemnul
Zin
The Shining One

Shops:
D:4 *   D:6 *   D:7 * D:9

?( ....▒ ....▒▒ ▒▒▒
......▒ ▒▒▒ ..▒
....▒... ▒.▒ ..▒▒▒....▒
▒..▒▒▒.▒ ..▒▒.....▒
▒.....▒▒▒▒
...∩.▒▒▒▒▒▒▒▒▒▒▒...<.▒
............▒...÷▒▒▒.▒
...▒..▒▒▒▒▒.....e....▒
..▒▒▒..▒
▒▒......▒▒....▒ .<▒
▒▒.▒▒▒......†▒▒........
▒▒▒
...........▒▒▒▒.▒▒▒▒▒ ▒
▒▒..▒......▒ ... ▒
▒▒.▒▒......▒ ▒▒.. ▒
▒..▒▒......▒▒ ...
▒▒▒▒▒.▒▒▒.......▒▒ ..
..≈ ▒.......▒▒▒▒▒▒▒..▒▒
..≈≈≈.


There were no monsters in sight!


Message History

Something hits you but does no damage. Something barely misses you.
The wolf misses you. Something hits you but does no damage. Something hits you.
* * * LOW HITPOINT WARNING * * *
The wolf barely misses you. Something hits you.
* * * LOW HITPOINT WARNING * * *
The wolf closely misses you. Something hits you but does no damage.
The wolf closely misses you. Something hits you.
* * * LOW HITPOINT WARNING * * *
Aiming: Sticky Flame
Aim: a wolf The sticky flame hits the wolf.
The wolf is moderately wounded.
The wolf is covered in liquid flames!
The wolf burns!
Something hits you but does no damage. The wolf bites you but does no damage.
The wolf completely misses you.
The wolf burns!
Something hits you but does no damage. The wolf barely misses you.
The wolf burns!
You kill the wolf!
Vehumet accepts your kill.
You feel your power returning.
Your Spellcasting skill increases to level 10!
Something hits you!
* * * LOW HITPOINT WARNING * * *
Zapping:
f - a wand of heal wounds {zapped: 5} {!d@v2} (will waste charges) Nothing appears to happen.
Something hits you!
You die...

Action                   |  1- 3 |  4- 6 |  7- 9 | 10-12 || total
-------------------------+-------+-------+-------+-------++-------
Melee: Unarmed           |     1 |       |       |       ||     1
       Dagger            |    12 |    40 |       |       ||    52
       Quarterstaff      |       |    38 |   248 |    76 ||   362
Throw: Stone             |       |    19 |    56 |    15 ||    90
       Throwing net      |       |       |     2 |       ||     2
 Cast: Flame Tongue      |    41 |    92 |   206 |    59 ||   398
       Conjure Flame     |       |    15 |    10 |     5 ||    30
       Sticky Flame      |       |       |    13 |    10 ||    23
       Fireball          |       |       |     3 |    11 ||    14
Evoke: Wand              |       |       |       |     2 ||     2
  Use: Potion            |       |     2 |    12 |       ||    14
       Scroll            |       |    11 |    15 |     1 ||    27
 Stab: Sleeping          |     1 |     4 |     6 |       ||    11
       Paralysed         |       |       |     8 |       ||     8
  Eat: Chunk             |       |     8 |     9 |     1 ||    18
       Bread ration      |       |     1 |       |       ||     1
       Pizza             |       |       |     1 |       ||     1
       Royal jelly       |       |       |     1 |       ||     1
       Meat ration       |       |       |     2 |     1 ||     3

Vault maps used:
D:1:      arrival_aquarium_b
D:2:      xom_teletrap_fun, first_bread, uniq_natasha, uniq_jessica,
          uniq_crazy_yiuf_cottage, uniq_robin
D:3:      tso_altar, makhleb_altar_promises_db, uniq_sigmund, uniq_iyjb
D:4:      grunt_temple_overflow_octagram, minmay_temple_entry_fiery,
          serial_shops, shop, lemuel_blue_sif_altar, uniq_eustachio,
          uniq_menkaure
D:6:      grunt_temple_overflow_open, serial_shops, shop, basic_altar,
          uniq_grinder
D:7:      overflow_temple_1_default, serial_shops, shop, uniq_joseph
D:8:      lemuel_crystal_altar
D:9:      erik_lair_island, serial_shops, shop, shop, shop,
          nicolae_shop_statue_plus
Temple:   nicolae_temple_great_sept

Notes
Turn   | Place    | Note
--------------------------------------------------------------
     0 | D:1      | lysy the Deep Elf Fire Elementalist began the quest for the Orb.
     0 | D:1      | Reached XP level 1. HP: 10/10 MP: 6/6
     4 | D:1      | Noticed an electric eel
     4 | D:1      | Noticed an electric eel
   220 | D:1      | You fall through a shaft!
   234 | D:2      | Reached XP level 2. HP: 15/15 MP: 2/8
   420 | D:2      | Found a shimmering altar of Xom.
   568 | D:2      | Reached skill level 2 in Conjurations
   635 | D:2      | Noticed Robin
   783 | D:2      | Reached skill level 4 in Fire Magic
   790 | D:2      | Killed Robin
   790 | D:2      | Reached XP level 3. HP: 12/19 MP: 1/9
  1099 | D:2      | Noticed Jessica
  1116 | D:2      | Killed Jessica
  1116 | D:2      | Reached skill level 3 in Conjurations
  1215 | D:1      | Reached XP level 4. HP: 18/24 MP: 10/10
  1291 | D:1      | Learned a level 3 spell: Conjure Flame
  1296 | D:1      | Learned a level 4 spell: Sticky Flame
  2176 | D:2      | Reached skill level 5 in Fire Magic
  2176 | D:2      | Reached XP level 5. HP: 28/28 MP: 2/11
  2250 | D:2      | Noticed Natasha
  2256 | D:2      | Killed Natasha
  2256 | D:2      | Reached skill level 4 in Conjurations
  2404 | D:2      | Noticed Natasha
  2409 | D:2      | Killed Natasha
  2639 | D:2      | Noticed Natasha
  2663 | D:2      | Noticed Crazy Yiuf
  2670 | D:2      | Killed Crazy Yiuf
  2670 | D:2      | Reached skill level 4 in Spellcasting
  3052 | D:2      | Reached XP level 6. HP: 32/32 MP: 6/14
  3148 | D:2      | Learned a level 5 spell: Fireball
  3176 | D:3      | Reached skill level 1 in Staves
  3376 | D:3      | Reached skill level 5 in Conjurations
  3501 | D:3      | Reached skill level 2 in Staves
  3545 | D:3      | Noticed Ijyb
  3552 | D:3      | Killed Ijyb
  3599 | D:2      | Killed Natasha
  4044 | D:3      | Found a glowing golden altar of the Shining One.
  4091 | D:3      | Found a burning altar of Makhleb.
  4251 | D:3      | Reached XP level 7. HP: 36/36 MP: 5/15
  4260 | D:3      | Reached skill level 6 in Conjurations
  4382 | D:3      | Noticed Sigmund
  4406 | D:3      | Killed Sigmund
  4406 | D:3      | Reached skill level 6 in Fire Magic
  4703 | D:3      | Noticed a balrug
  4876 | D:4      | Found a staircase to the Ecumenical Temple.
  4883 | Temple   | Entered the Ecumenical Temple
  5275 | D:4      | Reached skill level 7 in Conjurations
  5324 | D:4      | Found a deep blue altar of Sif Muna.
  5345 | D:4      | Noticed Eustachio
  5391 | D:4      | Killed Eustachio
  5391 | D:4      | Reached skill level 7 in Fire Magic
  5391 | D:4      | Reached XP level 8. HP: 33/41 MP: 2/16
  5506 | D:4      | Found Ushong's General Store.
  5514 | D:4      | Bought a potion of heal wounds for 65 gold pieces
  5533 | D:4      | Noticed Menkaure
  5537 | D:4      | HP: 3/41 [Menkaure (19)]
  5542 | D:4      | Killed Menkaure
  5857 | D:4      | Found an ancient bone altar of Kikubaaqudgha.
  5966 | D:4      | Found a radiant altar of Vehumet.
  5971 | D:4      | Became a worshipper of Vehumet
  5981 | D:4      | Found a sparkling altar of Nemelex Xobeh.
  5988 | D:4      | Found a shattered altar of Ashenzari.
  5993 | D:4      | Found an iron altar of Okawaru.
  6000 | D:4      | Found a stormy altar of Qazlal.
  6005 | D:4      | Found an oddly glowing altar of Pakellas.
  6269 | D:5      | Entered Level 5 of the Dungeon
  6464 | D:5      | Reached skill level 8 in Conjurations
  6471 | D:5      | Reached skill level 8 in Fire Magic
  6584 | D:5      | Reached * piety under Vehumet
  6584 | D:5      | Offered knowledge of Sandblast by Vehumet.
  7031 | D:6      | Noticed a two-headed ogre
  7286 | D:6      | Found a basalt altar of Yredelemnul.
  7286 | D:6      | Found Anusuji's Assorted Antiques.
  7287 | D:6      | Found a glowing silver altar of Zin.
  7315 | D:6      | Killed a two-headed ogre
  7315 | D:6      | Reached skill level 9 in Conjurations
  7315 | D:6      | Reached skill level 9 in Fire Magic
  7315 | D:6      | Reached XP level 9. HP: 40/45 MP: 9/17
  7441 | D:6      | Gained mutation: You have sharp toenails. [potion of beneficial mutation]
  7835 | D:6      | Noticed Grinder
  7850 | D:6      | Killed Grinder
  7921 | D:6      | Found a glowing golden altar of the Shining One.
  8199 | D:6      | Reached skill level 10 in Fire Magic
  8363 | D:6      | Reached skill level 10 in Conjurations
  8423 | D:7      | Found a shadowy altar of Dithmenos.
  8538 | D:7      | Noticed Joseph
  8548 | D:7      | HP: 3/45 [Joseph/sling bullet of frost (17)]
  8548 | D:7      | HP: 1/45 [Joseph/sling bullet of frost (2)]
  8932 | D:7      | Reached skill level 3 in Dodging
  8937 | D:7      | Reached ** piety under Vehumet
  8937 | D:7      | Offered knowledge of Shock by Vehumet.
  8937 | D:7      | Reached skill level 5 in Spellcasting
  9082 | D:7      | Killed Joseph
  9082 | D:7      | Reached skill level 4 in Dodging
  9082 | D:7      | Reached skill level 6 in Spellcasting
  9273 | D:7      | Reached skill level 5 in Dodging
  9302 | D:7      | Found Cyip's Assorted Antiques.
  9682 | D:7      | Reached skill level 7 in Spellcasting
  9777 | D:7      | Identified a scroll of acquirement
  9778 | D:7      | Identified a wand of heal wounds (You acquired it on level 7 of the Dungeon)
  9856 | D:8      | Found a burning altar of Makhleb.
  9874 | D:8      | Reached XP level 10. HP: 46/50 MP: 22/22
 10057 | D:8      | Offered knowledge of Mephitic Cloud by Vehumet.
 10057 | D:8      | Reached skill level 6 in Dodging
 10422 | D:8      | Reached skill level 8 in Spellcasting
 10913 | D:9      | Found Cegomp's Weapon Shop.
 10922 | D:9      | Reached skill level 7 in Dodging
 11091 | D:9      | Reached skill level 9 in Spellcasting
 11151 | D:9      | Reached *** piety under Vehumet
 11298 | D:8      | Reached skill level 8 in Dodging
 11497 | D:9      | Found Luduty's Magic Scroll Shoppe.
 11512 | D:9      | Bought a scroll of remove curse for 39 gold pieces
 11512 | D:9      | Bought a scroll of remove curse for 39 gold pieces
 11613 | D:9      | HP: 1/50 [something (6)]
 11631 | D:9      | HP: 2/50 [something (5)]
 11653 | D:9      | Reached skill level 10 in Spellcasting
 11653 | D:9      | HP: 5/50 [something (7)]
 11654 | D:9      | Slain by an unseen horror

Vanquished Creatures
  Joseph (D:7)
  A troll (D:9)
  A two-headed ogre (D:6)
  Grinder (D:6)
  Sigmund (D:3)
  A shadow (D:9)
  4 yaks (D:9)
  A wyvern (D:8)
  Eustachio (D:4)
  2 hippogriffs
  Menkaure (D:4)
  2 wolves
  An ice beast (D:6)
  A black bear (D:6)
  A sky beast (D:6)
  An ogre (D:8)
  7 centaurs
  A big kobold (D:8)
  A water moccasin zombie (D:6)
  4 giant frogs
  2 scorpions
  5 killer bees (D:7)
  5 wights (D:3)
  5 crimson imps
  3 orc priests
  6 hounds
  Crazy Yiuf (D:2)
  A centaur skeleton (D:5)
  3 giant frog skeletons
  11 orc wizards
  Jessica (D:2)
  Ijyb (D:3)
  Natasha (thrice) (D:2)
  3 iguanas
  8 worker ants
  A killer bee zombie (D:8)
  2 hound zombies
  2 hound skeletons
  A worker ant zombie (D:4)
  Robin (D:2)
  13 gnolls
  15 adders
  A shadow imp (D:4)
  An ooze (D:5)
  An adder zombie (D:7)
  2 adder skeletons
  3 worms (D:3)
  5 giant geckos
  26 orcs
  A ball python (D:4)
  10 giant cockroaches
  12 goblins
  13 hobgoblins
  7 jackals
  12 kobolds
  3 quokkas
  4 bats
  A giant gecko skeleton (D:7)
  3 giant newts
  3 quokka skeletons
  A quokka zombie (D:5)
  7 rats
243 creatures vanquished.

Vanquished Creatures (others)
  A hobgoblin (D:3)
1 creature vanquished.

Grand Total: 244 creatures vanquished
